 Dungeon Crawl Stone Soup version 0.19.4 (webtiles) character file.

66 vatarom the Insei (level 4, -2/28 HPs)
             Began as an Octopode Transmuter on Feb 3, 2017.
             Slain by an adder (5 damage)
             ... on level 2 of the Dungeon.
             The game lasted 00:04:39 (1970 turns).

vatarom the Insei (Octopode Transmuter)             Turns: 1970, Time: 00:04:40

Health: -2/28      AC:  1    Str:  9    XL:     4   Next: 15%
Magic:  2/7        EV: 13    Int: 15    God:
Gold:   77         SH:  0    Dex: 13    Spells: 2 memorised, 5 levels left

rFire  + . .     SeeInvis .       - Unarmed
rCold  . . .     Gourm    .     (no shield)
rNeg   . . .     Faith    .     (helmet restricted)
rPois  .         Spirit   .     (no amulet)
rElec  .         Reflect  .     e - ring of protection from fire
rCorr  .         Harm     .     (no ring)
MR     .....                    (no ring)
Stlth  ++........               (no ring)
                                (no ring)
                                (no ring)
                                (no ring)
                                (no ring)

@: no status effects
A: almost no armour, stealthy swim, amphibious, 8 rings, constrict 8, camouflage
1, gelatinous body 1
a: no special abilities


You were on level 2 of the Dungeon.
You were not hungry.

You visited 1 branch of the dungeon, and saw 2 of its levels.

You collected 77 gold pieces.

Inventory:

Missiles
 a - 23 arrows
Jewellery
 e - a ring of protection from fire (left tentacle)
Scrolls
 c - a scroll of remove curse
 f - a scroll of fear
 h - a scroll of identify
Potions
 g - a potion of degeneration {unknown}
Books
 b - a book of Changes

   Spells                             Type                      Level
   a - Beastly Appendage              Transmutation                1
   b - Sticks to Snakes               Transmutation                2
   c - Spider Form                    Transmutation/Poison         3
   d - Ice Form                       Ice/Transmutation            4
   e - Blade Hands                    Transmutation                5
Comestibles
 d - 6 chunks of flesh


   Skills:
 - Level 1.0 Fighting
 - Level 2.0 Dodging
 * Level 4.0 Unarmed Combat
 + Level 2.6 Spellcasting
 + Level 2.6 Transmutations


You had 5 spell levels left.
You knew the following spells:

 Your Spells              Type           Power        Failure   Level  Hunger
a - Beastly Appendage     Tmut           #.....       10%         1    #......
b - Sticks to Snakes      Tmut           #.......     12%         2    ###....


Dungeon Overview and Level Annotations

Branches:
Dungeon (2/15)

Altars:
Okawaru
Yredelemnul


Innate Abilities, Weirdness & Mutations

You cannot wear most types of armour.
You are very stealthy in the water. (Stealth+)
You are amphibious.
You can wear up to eight rings at the same time.
You can use your tentacles to constrict eight enemies at once.
Your skin changes colour to match your surroundings (Stealth+).
Your rubbery body absorbs attacks. (AC +1, EV +1)


Message History

Your ball python dies!
The gnoll shouts!
Your adder bites the gnoll.
The gnoll hits your adder with a whip!
Your adder dies!
The gnoll shouts!
Unknown command.
You closely miss the adder. Your grab misses the adder.
The adder barely misses you. The adder closely misses you.
The adder barely misses you.
The gnoll dies!
The gnoll misses you.
You tentacle-slap the gnoll but do no damage.
Your grab misses the gnoll. The adder barely misses you.
The gnoll hits you from afar with a halberd!
Ouch! That really hurt!
* * * LOW HITPOINT WARNING * * *
The gnoll hits you with a flail.
* * * LOW HITPOINT WARNING * * *
The adder bites you.
You die...

... ..####....... #.#
#.............
##.###.............
.......<..........
...#(.............
#..#..............
#..#...........##.
#..#........[...#.
####@.#..............
##.gSg......#.........
##....g.......##.##....
#..............#.#.....
#.....†........#..[....
#................#.....
#......................
#...............###..
##............### ...


You could see 3 gnolls and an adder.

Vanquished Creatures
  An adder (D:2)
  A worm (D:1)
  2 dart slugs (D:1)
  4 giant cockroaches
  11 goblins
  5 hobgoblins
  A ball python (D:1)
  7 bats
  4 frilled lizards
  6 kobolds
  3 rats (D:1)
45 creatures vanquished.

Vanquished Creatures (collateral kills)
  A gnoll (D:2)
  A kobold (D:2)
2 creatures vanquished.

Grand Total: 47 creatures vanquished

Notes
Turn   | Place    | Note
-------+----------+-------------------------------------------
     0 | D:1      | vatarom the Octopode Transmuter began the quest for the Orb.
     0 | D:1      | Reached XP level 1. HP: 13/13 MP: 3/3
   402 | D:1      | Reached XP level 2. HP: 4/18 MP: 3/5
   410 | D:1      | Learned a level 2 spell: Sticks to Snakes
  1056 | D:1      | Reached XP level 3. HP: 22/23 MP: 2/6
  1707 | D:2      | Found a basalt altar of Yredelemnul.
  1779 | D:2      | Found an iron altar of Okawaru.
  1842 | D:2      | Reached skill level 4 in Unarmed Combat
  1842 | D:2      | Reached XP level 4. HP: 16/28 MP: 5/7
  1970 | D:2      | Slain by an adder

Skill      XL: |  1  2  3 |
---------------+----------+-----
Unarmed Combat | 4 |  4.0
Fighting       | |  1.0
Dodging        | |  2.0
Spellcasting   | |  2.6
Transmutations | |  2.6

Action                   |  1- 3 |  4- 6 || total
-------------------------+-------+-------++-------
Melee: Unarmed           |   107 |     7 ||   114
       Constrict         |    26 |     2 ||    28
       Kick              |     6 |       ||     6
       Tentacles         |     9 |       ||     9
       Punch             |     1 |       ||     1
 Cast: Beastly Appendage |    11 |       ||    11
       Sticks to Snakes  |     3 |     3 ||     6
  Use: Scroll            |     8 |       ||     8
 Stab: Sleeping          |     2 |       ||     2
  Eat: Chunk             |     1 |       ||     1
       Bread ration      |     1 |       ||     1
Armor: Skin              |     5 |       ||     5
Dodge: Dodged            |    68 |     8 ||    76
